 Dungeon Sprint DCSS version 0.23-a0-629-gae4348f (webtiles) character file.

220 Lanoc the Cudgeler (level 5, -1/57 HPs)
             Began as a Troll Berserker on Dec 27, 2018.
             Was an Elder of Trog.
             Slain by a vampire (9 damage)
             ... in the Dungeon (Sprint IX: "|||||||||||||||||||||||||||||").
             The game lasted 00:01:49 (183 turns).

Lanoc the Cudgeler (Troll Berserker)                 Turns: 183, Time: 00:01:49

Health: -1/57      AC:  8    Str: 26    XL:     5   Next: 64%
Magic:  4/4        EV: 13    Int:  3    God:    Trog [****..]
Gold:   0          SH:  0    Dex:  9    Spells: 4/4 levels left

rFire    . . .     SeeInvis .   a - +0 mace
rCold    . . .     Gourm    +   (no shield)
rNeg     . . .     Faith    .   b - +0 animal skin
rPois    .         Spirit   .   (helmet restricted)
rElec    .         Reflect  .   q - +0 cloak
rCorr    .         Harm     .   (gloves unavailable)
MR       .....     NoTele   +   (boots unavailable)
Stlth    +.........             (no amulet)
HPRegen  0.59/turn              r - +2 ring of evasion
MPRegen  0.09/turn              s - +2 ring of protection

@: berserk cooldown, slowed, very slow
A: large, unfitting armour, claws 3, fast metabolism 3, gourmand, regeneration
1, shaggy fur 1, tough skin 2
a: Berserk, Trog's Hand, Brothers in Arms, Renounce Religion


You were in the Dungeon.
You worshipped Trog.
Trog was greatly pleased with you.
You were very full.

You visited 1 branch

Inventory:

Hand Weapons
 a - a +0 mace (weapon)
 k - a +0 giant club
 o - a +2 dire flail of protection
 p - the +4 quarterstaff "Gushraod" {crush, Fragile rPois MR- SInv}
   (You found it in the Dungeon)

   It inflicts extra damage upon your enemies.
   It protects you from poison.
   It affects your resistance to hostile enchantments.
   It lets you see invisible.
   It will be destroyed if unequipped.
Armour
 b - a +0 animal skin (worn)
 q - a +0 cloak (worn)
Jewellery
 r - a +2 ring of evasion (left claw)
 s - a +2 ring of protection (right claw)
Wands
 n - a wand of acid (10)
Scrolls
 i - 2 scrolls of blinking
 m - 3 scrolls of remove curse
Potions
 d - 5 potions of curing
 e - 2 potions of heal wounds
 f - a potion of haste
 g - 4 potions of magic
 h - a potion of berserk rage
 l - a potion of invisibility
Comestibles
 c - 2 rations
 j - 3 chunks of flesh


   Skills:
 + Level 5.0 Fighting
 * Level 7.3 Maces & Flails
 + Level 4.1 Armour
 + Level 5.0 Dodging


You had 4 spell levels left.
You didn't know any spells.
Your spell library was empty.

Dungeon Overview and Level Annotations

Branches:
Dungeon (1/1)

Altars:
Cheibriados
Dithmenos
Elyvilon
Fedhas
Gozag
Hepliaklqana
Kikubaaqudgha
Makhleb
Nemelex Xobeh
Okawaru
Qazlal
Ru
Sif Muna
Trog
Uskayaw
Vehumet
Wu Jian
Xom
Yredelemnul
Zin
The Shining One
Beogh
Jiyva
Lugonu


Innate Abilities, Weirdness & Mutations

You are too large for most types of armour.
You have claws for hands.
Your metabolism is lightning-fast.
You like to eat raw meat.
Your natural rate of healing is unusually fast.
You are covered in fur. (AC +1)
You have very tough skin. (AC +2)


Message History

The orc wizard blinks!
You bump into the unnaturally hard rock wall.
The orc wizard casts a spell at you.
You feel as though you will be slow longer.
Something hits you but does no damage. Something bites you but does no damage.
The orc wizard points at you and mumbles some strange words.
The magic dart hits you! Something hits you!
* * * LOW HITPOINT WARNING * * *
Something bites you but does no damage.
The quokka twitches its whiskers.
You barely miss something. Something hits you but does no damage.
Something bites you.
* * * LOW HITPOINT WARNING * * *
Something draws strength from your injuries!
You bump into the unnaturally hard rock wall.
You feel less confused. Something hits you.
* * * LOW HITPOINT WARNING * * *
Something bites you!
You die... ▓▓▓▓▓▓▓▓▓▓▓▓▓▓▓▓▓▓▓▓▓▓▓▓ +..Zsr{@..[o[)|?.'______ ▓▓▓▓▓▓▓▓▓▓▓▓▓▓▓▓▓▓▓▓▓▓▓▓

You could see a scorpion, an orc wizard, a quokka and a leopard gecko skeleton.

Vanquished Creatures
  A black bear (D)
  An ogre (D)
  A hound (D)
  An adder (D)
  A worm (D)
  A giant cockroach (D)
  A hobgoblin (D)
  2 bats (D)
  2 goblins (D)
11 creatures vanquished.

Notes
Turn   | Place    | Note
-------+----------+-------------------------------------------
     0 | D        | Lanoc the Troll Berserker began the quest for the Orb.
     0 | D        | Reached XP level 1. HP: 22/22 MP: 0/0
     7 | D        | Reached skill level 3 in Maces & Flails
     9 | D        | Reached ** piety under Trog
    14 | D        | Reached skill level 1 in Armour
    59 | D        | Noticed an ogre
    59 | D        | Noticed a hound
    62 | D        | Killed a hound
    62 | D        | Reached skill level 4 in Maces & Flails
    62 | D        | Reached XP level 2. HP: 31/31 MP: 1/1
    62 | D        | Reached XP level 3. HP: 37/37 MP: 2/2
    67 | D        | Reached *** piety under Trog
    79 | D        | Killed an ogre
    79 | D        | Reached skill level 6 in Maces & Flails
    79 | D        | Reached XP level 4. HP: 31/49 MP: 3/3
   112 | D        | Found a roughly hewn altar of Beogh.
   112 | D        | Found a snail-covered altar of Cheibriados.
   112 | D        | Found a shadowy altar of Dithmenos.
   112 | D        | Found a white marble altar of Elyvilon.
   112 | D        | Found a blossoming altar of Fedhas.
   112 | D        | Found an opulent altar of Gozag.
   113 | D        | Found a hazy altar of Hepliaklqana.
   114 | D        | Found a viscous altar of Jiyva.
   115 | D        | Found an ancient bone altar of Kikubaaqudgha.
   116 | D        | Found a corrupted altar of Lugonu.
   117 | D        | Found a burning altar of Makhleb.
   118 | D        | Found a sparkling altar of Nemelex Xobeh.
   119 | D        | Found an iron altar of Okawaru.
   120 | D        | Found a stormy altar of Qazlal.
   121 | D        | Found a sacrificial altar of Ru.
   122 | D        | Found a deep blue altar of Sif Muna.
   123 | D        | Found a bloodstained altar of Trog.
   124 | D        | Found a hide-covered altar of Uskayaw.
   125 | D        | Found a radiant altar of Vehumet.
   126 | D        | Found an ornate altar of the Wu Jian Council.
   127 | D        | Found a shimmering altar of Xom.
   128 | D        | Found a basalt altar of Yredelemnul.
   129 | D        | Found a glowing silver altar of Zin.
   130 | D        | Found a glowing golden altar of the Shining One.
   148 | D        | Got the +4 quarterstaff "Gushraod" {crush, Fragile rPois
                  | MR- SInv}
   166 | D        | Noticed a vampire
   166 | D        | Noticed a black bear
   169 | D        | Killed a black bear
   169 | D        | Reached **** piety under Trog
   169 | D        | Reached skill level 5 in Fighting
   169 | D        | Reached skill level 7 in Maces & Flails
   169 | D        | Reached skill level 5 in Dodging
   169 | D        | Reached XP level 5. HP: 57/57 MP: 4/4
   183 | D        | Slain by a vampire

Vault maps used:
D:        linesprint

Skill      XL: |  1  2  3  4 |
---------------+-------------+-----
Maces & Flails | 4 6 7 |  7.3
Armour         | 2 3 4 |  4.1
Fighting       | 3 4 5 |  5.0
Dodging        | 3 4 5 |  5.0

Action                   |  1- 3 |  4- 6 || total
-------------------------+-------+-------++-------
Melee: Mace              |    29 |    18 ||    47
Invok: Berserk           |     2 |     1 ||     3
  Use: Potion            |       |     1 ||     1
  Eat: Chunk             |     6 |     3 ||     9
Armor: Animal skin       |     8 |    14 ||    22
Dodge: Dodged            |     8 |    18 ||    26

Table legend:
 A = Non-vault XP
 B = Vault XP
 C = Vault XP percentage of total XP
 D = Non-vault monster count
 E = Vault monster count
 F = Vault count percentage of total count
                 A         B        C        D         E       F
            +---------+---------+-------+---------+---------+-------
      Total |       0 |     315 | 100.0 |       0 |      11 | 100.0
            +---------+---------+-------+---------+---------+-------
          D |       0 |     315 | 100.0 |       0 |      11 | 100.0
            +---------+---------+-------+---------+---------+-------
